 Dungeon Crawl Stone Soup version 0.31-a0-700-gf13585253f (webtiles) character file.

Game seed: 484341840477553108

78 gruber the Conjurer (level 4, 0/24 HPs)
             Began as a Deep Elf Conjurer on Sept 7, 2023.
             Succumbed to a scorpion's poison
             ... on level 3 of the Dungeon.
             The game lasted 00:01:27 (2686 turns).

gruber the Conjurer (Deep Elf Conjurer)             Turns: 2686, Time: 00:01:27

Health: 0/24       AC:  2    Str:  4    XL:     4   Next: 15%
Magic:  4/11       EV: 12    Int: 25    God:
Gold:   38         SH:  0    Dex: 13    Spells: 7/10 levels left

rFire   . . .        (no weapon)
rCold   . . .        (no shield)
rNeg    . . .        a - +0 robe
rPois   .            (no helmet)
rElec   .            (no cloak)
rCorr   .            (no gloves)
SInv    .            (no boots)
Will    .....        (no amulet)
Stlth   ++           (no ring)
HPRegen 0.24/turn    (no ring)
MPRegen 0.12/turn

%: no passive effects
@: lethally poisoned (0 -> -9)
A: no striking features
a: no special abilities


You were on level 3 of the Dungeon.
You visited 1 branch of the dungeon, and saw 3 of its levels.

You collected 38 gold pieces.

Inventory:

Armour
 a - a +0 robe (worn)
Scrolls
 c - a scroll of enchant armour {unknown}
 d - a scroll of immolation {unknown}
 f - a scroll of enchant weapon {unknown}
 h - 2 scrolls of identify {unknown}
 i - 2 scrolls of teleportation {unknown}
 j - a scroll of fear {unknown}
Potions
 b - a potion of magic
 e - a potion of berserk rage {unknown}
 g - 2 potions of invisibility {unknown}


   Skills:
 - Level 2.4 Dodging
 - Level 2.4 Stealth
 + Level 3.5 Spellcasting
 + Level 6.1 Conjurations


You had 7 spell levels left.
You knew the following spells:

 Your Spells              Type           Power      Damage    Failure   Level
a - Magic Dart            Conj           100%       1d8       1%          1
b - Searing Ray           Conj           68%        2d6       1%          2

Your spell library contained the following spells:

 Spells                   Type           Power      Damage    Failure   Level
 Dazzling Flash           Conj/Hex       38%        N/A       9%          3
 Scorch                   Fire           8%         2d5       14%         2
 Flame Wave               Conj/Fire      19%        2d7       26%         4
 Fulminant Prism          Conj/Hex       9%         3d7       26%         4
 Iskenderun's Mystic Bla  Conj/Tloc      19%        2d6       26%         4
 Summon Cactus Giant      Summ           2%         N/A       100%        6


Dungeon Overview and Level Annotations

Branches:
Dungeon (3/15)

Altars:


Message History

A bat is nearby!
A bat is nearby!
A bat is nearby!
The magic dart hits the bat!
You kill the bat!
You can't see any susceptible monsters within range! (Use Z to cast anyway.)
A scorpion comes into view.
The magic dart hits the scorpion.
The scorpion is lightly wounded.
A scorpion is nearby!
The magic dart hits the scorpion but does no damage.
The scorpion is lightly wounded.
The magic dart hits the scorpion.
The scorpion is moderately wounded.
The scorpion closely misses you.
Casting: Magic Dart (safe; 1% risk of failure)
Confirm with . or Enter, or press ? or * to list all spells.
Aiming: Searing Ray (safe; 1% risk of failure)
Press: ? - help, Shift-Dir - straight line, f/p - scorpion
Aim: a scorpion (moderately wounded, 81% to hit)
The searing ray hits the scorpion.
The scorpion is heavily wounded. (Press . to maintain the ray.)
The scorpion stings you!
You are poisoned.
The scorpion poisons you!
The searing ray hits the scorpion.
The scorpion is heavily wounded.
You feel very sick. The scorpion stings you.
The searing ray hits the scorpion.
The scorpion is almost dead.
* * * LOW HITPOINT WARNING * * *
You feel sick. The scorpion stings you.
* * * LOW HITPOINT WARNING * * *
The scorpion barely misses you.
The searing ray hits the scorpion!
You kill the scorpion!
You finish channelling your searing ray.
You die...

#############
#....@......# ####
#.#########.# #...
.. .#######.# #.##
#. .........# #.#
#.
########.#######.##
#. #........... .
#.#######†#. #.###
#.#.
#####...#####.#.


There were no monsters in sight!

Vanquished Creatures
  A scorpion (D:3)
  2 adders (D:2)
  6 bats
  An endoplasm (D:1)
  4 giant cockroaches
  6 goblins
  5 hobgoblins
  12 jackals
  5 kobolds
  A quokka (D:1)
  4 ball pythons (D:1)
  3 frilled lizards
  5 rats
55 creatures vanquished.

Notes
Turn   | Place    | Note
-------+----------+-------------------------------------------
     0 | D:1      | gruber the Deep Elf Conjurer began the quest for the Orb.
     0 | D:1      | Reached XP level 1. HP: 10/10 MP: 6/6
   187 | D:1      | Reached XP level 2. HP: 15/15 MP: 6/8
   226 | D:1      | Reached skill level 5 in Conjurations
   530 | D:1      | Learned a level 2 spell: Searing Ray
   709 | D:1      | Reached XP level 3. HP: 19/19 MP: 5/9
   968 | D:1      | Found a faded altar of an unknown god.
  1724 | D:2      | Reached skill level 6 in Conjurations
  1745 | D:2      | Reached XP level 4. HP: 22/24 MP: 0/11
  2677 | D:3      | Noticed a scorpion
  2685 | D:3      | HP: 1/24 [scorpion (5)]
  2686 | D:3      | Killed a scorpion
  2686 | D:3      | Succumbed to a scorpion's poison

Illustrated notes

Levels and vault maps discovered:
D:1:      giann_bridges, layout_basic, hellmonk_ecumenical_altar_heavens_door
D:2:      layout_basic, minmay_split_cup_small
D:3:      layout_loops_ring

Skill      XL: |  1  2  3 |
---------------+----------+-----
Conjurations   | 5 6 |  6.1
Dodging        | |  2.4
Stealth        | |  2.4
Spellcasting   | |  3.5

Action                     |  1- 3 |  4- 6 || total
---------------------------+-------+-------++-------
  Melee: Unarmed           |       |    13 ||    13
   Cast: Magic Dart        |    78 |    18 ||    96
         Searing Ray       |       |     1 ||     1
 Armour: Robe              |     5 |    12 ||    17
  Dodge: Dodged            |     7 |    14 ||    21

Table legend: (Time is in decaauts)
 A = Elapsed time spent in this place.
 B = Non-inter-level travel time spent in this place.
 C = Inter-level travel time spent in this place.
 D = Time resting spent in this place.
 E = Time spent auto-exploring this place.
 F = Levels seen in this place.
 G = Mean time per level.
                   A        B        C        D        E       F      G
               +--------+--------+--------+--------+--------+-----+--------+
         Total |   2685 |   2641 |     44 |     11 |   2406 |   3 |  895.0 |
       Dungeon |   2685 |   2641 |     44 |     11 |   2406 |   3 |  895.0 |
               +--------+--------+--------+--------+--------+-----+--------+

Top non-repeatable levels by time:
     D:1: 1382 daAuts
     D:2: 1187 daAuts
     D:3: 115 daAuts
